 Dungeon Crawl Stone Soup version 0.25-a0-341-g6f074c887a (webtiles) character file.

Game seed: 13336463320163802900, levelgen mode: deterministic

54 Gargoyl the Skirmisher (level 3, 0/46 HPs)
             Began as a Centaur Abyssal Knight on Dec 30, 2019.
             Was a Follower of Lugonu.
             Succumbed to an adder's poison
             ... on level 2 of the Dungeon.
             The game lasted 00:02:15 (1393 turns).

Gargoyl the Skirmisher (Centaur Abyssal Knight)     Turns: 1393, Time: 00:02:16

Health: 0/46       AC: 21    Str: 18    XL:     3   Next: 66%
Magic:  4/4        EV:  1    Int: 16    God:    Lugonu [*.....]
Gold:   64         SH:  0    Dex:  9    Spells: 2/2 levels left

rFire    + . .     SeeInvis .   a - +1 hand axe
rCold    + . .     Gourm    .   (no shield)
rNeg     + + +     Faith    .   (armour currently unavailable)
rPois    +         Spirit   .   (helmet currently unavailable)
rElec    +         Reflect  .   (cloak currently unavailable)
rCorr    +         Harm     .   (gloves currently unavailable)
MR       +....     NoTele   +   (no barding)
Stlth    +.........             (no amulet)
HPRegen  0.15/turn              d - ring of protection from magic
MPRegen  0.09/turn              l - +4 ring of strength

@: brilliant, lethally poisoned (0 -> -4), tree-form, resistant
A: large
a: Depart the Abyss, Renounce Religion


You were on level 2 of the Dungeon.
You worshipped Lugonu.
Lugonu was aware of your devotion.
You were hungry.
You were a tree.
You visited 1 branch of the dungeon, and saw 2 of its levels.
You visited the Abyss 1 time.

You collected 64 gold pieces.

Inventory:

Hand Weapons
 a - a +1 hand axe (weapon)
Armour
 i - a +0 scale mail (melded)
Jewellery
 d - a ring of protection from magic (left branch)
 l - a +4 ring of strength (right branch)
Scrolls
 b - a scroll of magic mapping {unknown}
 f - a scroll of fear {unknown}
 j - a scroll of remove curse {unknown}
 k - a scroll of teleportation {unknown}
Comestibles
 c - 3 rations


   Skills:
 + Level 3.4 Fighting
 + Level 2.2 Axes
 * Level 2.0 Armour
 * Level 1.2 Dodging
 * Level 2.3 Invocations


You had 2 spell levels left.
You didn't know any spells.
Your spell library was empty.

Dungeon Overview and Level Annotations

Branches:
Dungeon (2/15)

Altars:
Uskayaw


Innate Abilities, Weirdness & Mutations

((You have hooves in place of feet.))
((Armour fits poorly on your strangely shaped body.))
((You cover ground very quickly.))
((You have extremely tough skin. (AC +3)))


Message History

You feel sick. The adder bites you but does no damage.
You hit the adder.
The adder is heavily wounded.
* * * LOW HITPOINT WARNING * * *
You feel sick.
The adder bites you but does no damage. x2
Unknown command.
You hit the adder.
You kill the adder!
Lugonu accepts your kill.
Your Armour skill increases to level 2!
* * * LOW HITPOINT WARNING * * *
You feel sick.
You cannot move.
You cannot move.
There is a lethal amount of poison in your body!
* * * LOW HITPOINT WARNING * * *
You feel sick.
* * * LOW HITPOINT WARNING * * *
You feel sick.
You die...

####..†.....#
#..#.#.### #
#......#
#.######.#.###
#>.......#.#
####.......#
##.#######
#.).# #.♣.#
#..†# #...#
#...# .....
$......
.......
.........


There were no monsters in sight!

Vanquished Creatures
  2 adders (D:2)
  A leopard gecko (D:1)
  2 bats
  A giant cockroach (D:1)
  3 goblins (D:1)
  8 hobgoblins
  4 kobolds
  3 ball pythons (D:1)
  3 frilled lizards
  6 rats (D:1)
33 creatures vanquished.

Notes
Turn   | Place    | Note
-------+----------+-------------------------------------------
     0 | Abyss:1  | Gargoyl the Centaur Abyssal Knight began the quest for the
                  | Orb.
     0 | Abyss:1  | Reached XP level 1. HP: 19/19 MP: 2/2
   138 | Abyss:1  | Noticed a smoke demon
   140 | D:1      | Escaped the Abyss
   486 | D:1      | Reached XP level 2. HP: 21/26 MP: 3/3
   611 | D:1      | Reached * piety under Lugonu
   611 | D:1      | Reached skill level 1 in Dodging
   933 | D:1      | Reached XP level 3. HP: 16/31 MP: 4/4
  1349 | D:2      | Noticed a +0 hand axe
  1349 | D:2      | Noticed a -3 dagger
  1350 | D:2      | Found a hide-covered altar of Uskayaw.
  1388 | D:2      | HP: 2/46 [poisoned by an adder]
  1393 | D:2      | Succumbed to an adder's poison

Levels and vault maps discovered:
D:1:      onia_arrival_handbag, layout_basic
D:2:      layout_loops_cross, dancing_weapons_uskayaw, first_ration,
          minmay_misc_feat_pillars, minmay_misc_feat_secret_circle,
          minmay_tromino_i2

Skill      XL: |  1  2  3 |
---------------+----------+-----
Dodging        | 1 |  1.2
Axes           | 2 |  2.2
Armour         | 2 |  2.0
Fighting       | |  3.4
Invocations    | |  2.3

Action                   || total
-------------------------++-------
Melee: Hand axe          ||    91
       Kick              ||    19
Invok: Depart the Abyss  ||     1
  Use: Potion            ||     4
Armor: Leather armour    ||    11
       Scale mail        ||    42
       Skin              ||     9
Dodge: Dodged            ||    37

Table legend:
 A = Non-vault XP
 B = Vault XP
 C = Vault XP percentage of total XP
 D = Non-vault monster count
 E = Vault monster count
 F = Vault count percentage of total count
                 A         B        C        D         E       F
            +---------+---------+-------+---------+---------+-------
      Total |      74 |       4 |   5.1 |      29 |       4 |  12.1
            +---------+---------+-------+---------+---------+-------
        D:1 |      40 |       4 |   9.1 |      23 |       4 |  14.8
        D:2 |      34 |       0 |   0.0 |       6 |       0 |   0.0
            +---------+---------+-------+---------+---------+-------
